Description

TVP 3BB FOR PRO GAMER

Replay - 小新TVP

Build Order

Get SALT Encoding   

  12  0:00  SCV  
  13  0:12  SCV  
  14  0:17  Supply Depot  
  14  0:25  SCV  
  15  0:38  SCV  
  15  0:39  Barracks  
  16  0:43  Refinery  
  16  0:50  SCV  
  17  1:03  SCV  
  18  1:15  SCV  
  19  1:26  Marine  
  19  1:27  Orbital Command  
  20  1:36  Command Center  
  20  1:44  Barracks Reactor  
  20  1:47  Supply Depot  
  20  1:52  SCV  
  21  2:00  Barracks  
  21  2:04  SCV  
  22  2:12  Barracks  
  22  2:17  SCV  
  22  2:21  Marine x2  
  26  2:39  Marine x2  
  29  2:46  Barracks Tech Lab  
  29  2:48  Orbital Command  
  29  2:57  Marine x2  
  32  2:58  Supply Depot  
  32  2:59  Barracks Tech Lab  
  32  3:04  Marine  
  33  3:07  Stimpack  
  34  3:14  Marine x2  
  34  3:18  Combat Shield  
  38  3:23  Supply Depot  
  38  3:33  Marauder x2  
  47  3:45  Supply Depot  
  48  3:54  Marauder x2  
  56  4:03  Engineering Bay  
  56  4:08  Refinery  
  64  4:29  Terran Infantry Weapons Level 1  
  64  4:30  Refinery  
  71  4:49  Factory  
  71  4:52  Refinery  
  78  5:01  Concussive Shells  
  89  5:35  Factory Reactor  
  92  5:36  Starport  
  92  5:42  Command Center  
  96  5:51  Marauder x2  
  105  6:17  Barracks x2  
  108  6:18  Marauder  
  108  6:20  Medivac x2, Factory Reactor  
  114  6:25  Terran Infantry Armor Level 1  
  114  6:31  Marauder  
  119  6:42  Marauder  
  124  6:53  Medivac x2  
  131  7:02  Widow Mine x2  
  131  7:05  Barracks Reactor  
  131  7:06  Barracks Tech Lab  
  139  7:11  Ghost Academy  
  139  7:14  Marauder  
  139  7:15  Orbital Command  
  142  7:20  Refinery x2  
  150  7:36  Medivac x2  
  157  7:44  Engineering Bay, Armory  
  172  8:16  Ghost x2  
  178  8:25  Command Center  
  178  8:26  EMP Round  
Spawning Tool Build Advisor. Get it on Overwolf

Go to:

Details

  • Created by: fukunee
  • Published on: May 17, 2022
  • Modified on: May 17, 2022
  • Patch: 4.11.0
  • Difficulty: Hard
Show
View Real Time Build Order
Export as new Build Order

Comments (0)

There are no comments. Be the first!

Create an account to comment!